 Dungeon Crawl Stone Soup version 0.25-a0-1133-g93ebf739aa (webtiles) character file.

Game seed: 10597602007423086770, levelgen mode: deterministic

206988 HoaS the Brawler (level 18, -32/129 HPs)
             Began as a Gargoyle Berserker on May 20, 2020.
             Was a High Priest of Trog.
             Annihilated by an alligator snapping turtle (42 damage)
             ... on level 2 of the Shoals on May 21, 2020.
             The game lasted 01:55:09 (36235 turns).

HoaS the Brawler (Gargoyle Berserker)              Turns: 36235, Time: 01:55:09

Health: -32/129    AC: 45    Str: 24    XL:     18   Next: 73%
Magic:  18/18      EV:  7    Int:  7    God:    Trog [*****.]
Gold:   2249       SH:  0    Dex: 15    Spells: 17/17 levels left

rFire    . . .     SeeInvis .     - Unarmed
rCold    . . .     Gourm    .   (no shield)
rNeg     + + .     Faith    .   v - +4 plate armour {MR+}
rPois    ∞         Spirit   .   k - +0 helmet
rElec    +         Reflect  .   B - +2 cloak {MR+}
rCorr    .         Harm     .   q - +2 pair of gloves {archery}
MR       +++..                  M - +1 pair of boots of Manuist {rN+}
Stlth    ..........             F - amulet of regeneration
HPRegen  0.71/turn              o - +4 ring of protection
MPRegen  0.16/turn              D - +4 ring of protection

@: berserk cooldown, flying, slowed, very slow
A: big wings, negative energy resistance 1, electricity resistance, unbreathing,
petrification resistance, rot immunity, AC +13
}: 1/15 runes: barnacled
a: Stop Flying, Berserk, Trog's Hand, Brothers in Arms, Renounce Religion


You were on level 2 of the Shoals.
You worshipped Trog.
Trog was extremely pleased with you.
You were hungry.

You visited 5 branches of the dungeon, and saw 31 of its levels.
You also visited: Gauntlet and Ice Cave.

You collected 2820 gold pieces.
You spent 571 gold pieces at shops.

Inventory:

Hand Weapons
 w - a +6 arbalest
Missiles
 n - 165 bolts (quivered)
Armour
 k - a +0 helmet (worn)
 q - a +2 pair of gloves of archery (worn)
 v - a +4 plate armour of magic resistance (worn)
 B - a +2 cloak of magic resistance (worn)
 M - the +1 pair of boots of Manuist (worn) {rN+}
   (You found it on level 6 of the Lair of Beasts)

   It protects you from negative energy.
Jewellery
 f - an uncursed ring of resist corrosion
 h - an uncursed ring of fire
 o - a +4 ring of protection (left hand)
 D - a +4 ring of protection (right hand)
 F - an amulet of regeneration (around neck)
 N - an uncursed ring of stealth
 O - an uncursed ring of stealth
Wands
 e - a wand of random effects (43)
 g - a wand of disintegration (9)
 m - a wand of polymorph (17)
 r - a wand of paralysis (15)
 u - a wand of enslavement (28)
 y - a wand of acid (18)
 E - a wand of clouds (9)
 I - a wand of flame (42)
 K - a wand of iceblast (15)
Scrolls
 a - 12 scrolls of remove curse
 c - 9 scrolls of teleportation
 l - 2 scrolls of magic mapping
 x - 3 scrolls of fog
 A - 3 scrolls of fear
 C - 6 scrolls of blinking
 H - 2 scrolls of summoning
 L - a scroll of identify
 S - a scroll of enchant armour
Potions
 d - 2 potions of haste
 i - a potion of berserk rage {unknown}
 j - 7 potions of curing
 p - 4 potions of mutation
 s - 7 potions of might
 z - 2 potions of lignification
 G - 3 potions of stabbing
 T - a potion of invisibility
Comestibles
 b - 34 rations
 J - 4 chunks of flesh


   Skills:
 + Level 19.9 Fighting
 * Level 15.4 Crossbows
 - Level 2.1 Armour
 - Level 1.5 Dodging
 + Level 20.7 Unarmed Combat


You had 17 spell levels left.
You didn't know any spells.
Your spell library was empty.

Dungeon Overview and Level Annotations

Branches:
Dungeon (15/15)            Temple (0/1) D:5            Lair (6/6) D:8
 Shoals (4/4) Lair:3       Spider (4/4) Lair:2        Slime (0/5) Lair:5
    Orc (2/2) D:11            Elf (0/3) Orc:2        Vaults (0/5) D:14
 Depths (0/5) D:15          IceCv (visited)         Gauntlet (visited)

Altars:
Ashenzari
Cheibriados
Elyvilon
Fedhas
Gozag
Makhleb
Qazlal
Ru
Trog
Uskayaw
Vehumet
Wu Jian
Xom
Yredelemnul
Zin
The Shining One
Beogh

Shops:
D:7 }   D:9 [   D:14 *   Orc:1 ?[   Orc:2 *([:%

Annotations:
Lair:5 exclusion: 3 oklob plants, Nessos
Shoals:2 1 transporter
Spider:4 1 transporter


Innate Abilities, Weirdness & Mutations

You are resistant to torment.
Your stone body is resilient. (AC +13)
You are immune to poison.
Your large and strong wings let you fly indefinitely.
You resist negative energy. (rN+)
You are resistant to electric shocks. (rElec)
You can survive without breathing.
You are immune to petrification.
You are immune to rotting.


Message History

The manticore barely misses you.
The alligator snapping turtle bites you but does no damage.
You punch the manticore!
The manticore is severely wounded.
You are no longer berserk.
You are exhausted.
You feel yourself slow down.
The harpy claws you but does no damage. x2
The hippogriff bites you.
* * * LOW HITPOINT WARNING * * *
The hippogriff barely misses you.
The hippogriff claws you but does no damage.
The harpy claws you but does no damage. x2
The manticore bites you but does no damage.
The manticore claws you!
* * * LOW HITPOINT WARNING * * *
The manticore barely misses you. The manticore bites you!
* * * LOW HITPOINT WARNING * * *
The manticore claws you but does no damage. x2
The alligator snapping turtle bites you!!!
You die...

≈≈≈PP≈≈≈......≈≈≈###((# #.....≈
≈≈)≈P≈≈≈.≈≈..#####%##[#####.>...≈
P≈P≈≈P≈..≈≈≈##..©...#...........≈
PPP≈PP...P≈##....#..##........>..
P≈≈...P..≈≈#...#...# #........###
P.P..P....≈##T.##%#. #...(....###
...).......©#.#..%#?##....(...##.
#P...).....##.yHH.#?#...(..(..##.
#.........[#%..#@t=?#©........##.
#..........#H#.HH#.$#...........≈
#..........##.#?y..[##.........≈≈
#...........#...#.#..#.....[...≈≈
#..≈....≈≈≈.#...#.#..#....<(((.≈≈
.......≈≈≈≈.#.......##.....(....≈
.......≈≈≈≈≈###...###.......(..≈≈
........≈≈≈≈..#####......≈≈≈≈≈≈≈≈
...≈≈≈...≈≈≈≈.............≈≈≈≈≈≈≈


You could see an alligator snapping turtle (berserk), 2 manticores, 2 moths of
wrath, a hippogriff (berserk) and a harpy (berserk).

Vanquished Creatures
  Saint Roka (Orc:2)
  Arachne (Spider:2)
  Jorgrun (Shoals:1)
  The ghost of Lawucsit the Devastator, an adept DrCj of Vehumet (Shoals:2)
  2 krakens
  Donald (Spider:3)
  A shadow dragon (D:13)
  A frost giant (Shoals:4)
  A ghost moth (Lair:2)
  An orc warlord (Orc:2)
  3 emperor scorpions (Lair:2)
  The ghost of Geceng the Fighter, a journeyman MiFi of Okawaru (Shoals:2)
  An entropy weaver (Spider:2)
  A dire elephant (Lair:6)
  2 spark wasps
  A minotaur (Gauntlet)
  7 merfolk javelineers
  Josephine (D:12)
  11 merfolk impalers
  A fire dragon (D:15)
  A yaktaur captain (D:15)
  6 hydras
  An ice dragon (D:15)
  2 centaur warriors (D:14)
  A catoblepas (Lair:6)
  8 vault guards (D:14)
  An alligator snapping turtle (Shoals:4)
  5 merfolk avatars
  4 merfolk aquamancers
  2 satyrs
  8 two-headed ogres
  11 death yaks (Lair:6)
  2 orc high priests
  A queen ant (Lair:2)
  A deep troll earth mage (D:13)
  A deep troll shaman (Lair:6)
  2 deep trolls
  A skeletal warrior (D:14)
  11 sea snakes
  2 unseen horrors
  A lindwurm (Lair:5)
  A phantasmal warrior (D:15)
  A wizard (Gauntlet)
  3 harpies
  13 orb spiders
  8 orc knights
  9 manticores
  A deep elf mage (D:14)
  19 wolf spiders
  21 fauns
  4 ugly things
  4 orc sorcerers
  A moth of wrath (Spider:1)
  7 elephants
  9 merfolk sirens
  A black mamba (shapeshifter) (D:13)
  3 cyclopes (D:13)
  A black mamba (Lair:5)
  A torpor snail (shapeshifter) (D:15)
  An apocalypse crab (Gauntlet)
  2 torpor snails
  16 spiny frogs
  Joseph (D:8)
  4 water nymphs
  A kobold demonologist (D:11)
  2 rime drakes
  A yaktaur (D:15)
  7 komodo dragons
  9 demonic crawlers
  A queen bee (D:13)
  A jumping spider (shapeshifter) (D:15)
  4 polar bears
  7 trolls
  3 wind drakes
  7 hornets
  21 jumping spiders
  18 merfolk
  8 meliai
  5 slime creatures (D:15)
  A meliai zombie (D:13)
  13 hippogriffs
  8 blink frogs
  5 snapping turtles
  A ynoxinul (Gauntlet)
  14 tarantellas
  5 wyverns
  A centaur simulacrum (D:14)
  5 shadows
  41 redbacks
  23 yaks
  12 water elementals
  6 wraiths
  A human (D:7)
  3 hogs (D:7)
  3 vampire mosquitoes
  3 basilisks
  3 hungry ghosts
  7 wargs
  7 soldier ants (Lair:2)
  An acid dragon (D:14)
  14 water moccasins
  7 porcupines
  40 orc warriors
  5 ice beasts
  5 black bears
  2 necrophages
  5 sky beasts
  14 wolves
  5 centaurs
  2 phantoms (D:5)
  7 boggarts
  16 ogres
  13 crocodiles
  5 big kobolds
  17 bullfrogs
  A wyvern skeleton (D:13)
  8 scorpions
  A water moccasin skeleton (D:6)
  35 killer bees
  A wight (D:13)
  A howler monkey (D:4)
  An electric eel (D:13)
  2 jellies
  8 crimson imps
  2 bullfrog zombies
  8 hounds
  2 quasits
  3 centaur zombies
  10 orc priests
  2 iron imps (Gauntlet)
  18 orc wizards
  A bullfrog skeleton (D:10)
  5 centaur skeletons
  An iguana (D:9)
  38 worker ants
  A killer bee zombie (D:7)
  3 hound zombies
  2 hound skeletons
  Robin (D:3)
  A worker ant zombie (D:10)
  3 gnolls (D:7)
  7 adders
  7 shadow imps
  3 white imps (Lair:5)
  3 oozes
  An adder skeleton (D:8)
  An adder zombie (D:5)
  3 dart slugs
  A leopard gecko (D:1)
  90 orcs
  2 ball pythons (D:3)
  9 bats
  5 giant cockroaches
  2 gnoll zombies (D:3)
  16 goblins
  8 hobgoblins
  20 jackals
  3 quokkas
  5 frilled lizards
  A giant cockroach zombie (D:5)
  11 kobolds
  2 leopard gecko skeletons (D:6)
  A leopard gecko zombie (D:8)
  7 rats
  A tentacle (Shoals:4)
1026 creatures vanquished.

Vanquished Creatures (collateral kills)
  Ilsuiw (Shoals:2)
  2 merfolk javelineers
  A merfolk impaler (Shoals:3)
  A merfolk avatar (Shoals:4)
  2 harpies (Shoals:4)
  A wolf spider (Spider:1)
  A merfolk siren (Shoals:2)
  A water nymph (Shoals:4)
  3 merfolk (Shoals:4)
  2 hippogriffs
  A redback (Spider:1)
  A tarantella (Spider:1)
  A porcupine (Lair:1)
  A tentacle (Shoals:4)
19 creatures vanquished.

Vanquished Creatures (others)
  A merfolk avatar (Shoals:2)
  A hippogriff (Shoals:2)
  A jelly (D:15)
  A killer bee (D:13)
  A leopard gecko skeleton (D:6)
  11 fungi
  6 plants
  11 tentacles (Shoals:4)
33 creatures vanquished.

Grand Total: 1078 creatures vanquished

Notes
Turn   | Place    | Note
-------+----------+-------------------------------------------
     0 | D:1      | HoaS the Gargoyle Berserker began the quest for the Orb.
     0 | D:1      | Reached XP level 1. HP: 14/14 MP: 1/1
   159 | D:1      | Reached XP level 2. HP: 11/19 MP: 2/2
   484 | D:1      | Found a shimmering altar of Xom.
   947 | D:2      | Reached XP level 3. HP: 24/24 MP: 3/3
  1168 | D:2      | Reached skill level 4 in Unarmed Combat
  1450 | D:2      | Reached XP level 4. HP: 29/29 MP: 4/4
  1454 | D:2      | Reached ** piety under Trog
  1689 | D:3      | Noticed Robin
  1910 | D:3      | Killed Robin
  1923 | D:3      | Reached XP level 5. HP: 32/34 MP: 5/5
  2020 | D:3      | Reached skill level 5 in Unarmed Combat
  2334 | D:3      | Found a basalt altar of Yredelemnul.
  2380 | D:3      | Reached *** piety under Trog
  2848 | D:4      | Noticed an ogre
  2861 | D:4      | Killed an ogre
  2861 | D:4      | Reached XP level 6. HP: 40/40 MP: 6/6
  2953 | D:4      | Reached skill level 5 in Fighting
  3114 | D:4      | Reached skill level 6 in Unarmed Combat
  3534 | D:5      | Entered Level 5 of the Dungeon
  3570 | D:5      | Noticed a phantom
  3571 | D:5      | Noticed an ice beast
  3605 | D:4      | Reached XP level 7. HP: 37/44 MP: 7/7
  3849 | D:5      | Reached skill level 7 in Unarmed Combat
  3938 | D:5      | Found an opulent altar of Gozag.
  3939 | D:5      | Found a glowing golden altar of the Shining One.
  3941 | D:5      | Found a stormy altar of Qazlal.
  4108 | D:5      | Found a staircase to the Ecumenical Temple.
  4179 | D:5      | Reached skill level 8 in Unarmed Combat
  4179 | D:5      | Reached XP level 8. HP: 26/52 MP: 8/8
  4424 | D:5      | Reached **** piety under Trog
  4959 | D:6      | Reached skill level 9 in Unarmed Combat
  5142 | D:6      | Found a hide-covered altar of Uskayaw.
  5179 | D:6      | Found a white marble altar of Elyvilon.
  5317 | D:6      | Found a burning altar of Makhleb.
  5317 | D:6      | Found a glowing silver altar of Zin.
  5318 | D:6      | Noticed an angel
  5318 | D:6      | Noticed an Executioner
  5470 | D:6      | Found a shattered altar of Ashenzari.
  6035 | D:7      | Reached XP level 9. HP: 58/58 MP: 9/9
  6182 | D:7      | Reached skill level 10 in Unarmed Combat
  6234 | D:7      | Found a blossoming altar of Fedhas.
  6298 | D:7      | Found an ornate altar of the Wu Jian Council.
  6438 | D:7      | Found Lasoppoenn's Gadget Shoppe.
  6562 | D:7      | Reached skill level 11 in Unarmed Combat
  6846 | D:8      | Found a staircase to the Lair.
  6944 | D:8      | Reached ***** piety under Trog
  6948 | D:8      | Noticed Joseph
  6959 | D:8      | Killed Joseph
  6959 | D:8      | Reached XP level 10. HP: 66/66 MP: 10/10
  7131 | D:8      | Reached skill level 14 in Unarmed Combat
  7131 | D:8      | Reached XP level 11. HP: 74/74 MP: 11/11
  7641 | D:8      | Found a blossoming altar of Fedhas.
  7641 | D:8      | Found a snail-covered altar of Cheibriados.
  8059 | D:9      | Found a radiant altar of Vehumet.
  8158 | D:9      | Found Ronou's Armour Shoppe.
  8162 | D:9      | Bought a +2 cloak of magic resistance for 258 gold pieces
  8229 | D:9      | Found a sacrificial altar of Ru.
  8637 | D:10     | Entered Level 10 of the Dungeon
  9014 | D:10     | Received a gift from Trog
  9556 | Lair:1   | Entered Level 1 of the Lair of Beasts
  9646 | Lair:1   | Found a frozen archway.
  9767 | IceCv    | Entered an ice cave
 10418 | Lair:2   | Noticed a queen ant
 10736 | Lair:2   | Found a hole to the Spider Nest.
 11013 | Lair:2   | Reached XP level 12. HP: 80/85 MP: 12/12
 11506 | Lair:2   | Killed a queen ant
 11506 | Lair:2   | Received a gift from Trog
 12076 | Lair:3   | Noticed a seven-headed hydra
 12088 | Lair:3   | Killed a seven-headed hydra
 12220 | Lair:3   | Found a staircase to the Shoals.
 12317 | Lair:3   | Noticed an eight-headed hydra
 12327 | Lair:3   | Killed an eight-headed hydra
 12327 | Lair:3   | Reached skill level 15 in Unarmed Combat
 12536 | Lair:3   | Noticed an eight-headed hydra
 12544 | Lair:3   | Killed an eight-headed hydra
 13474 | Lair:4   | Reached skill level 15 in Fighting
 14275 | Lair:5   | Reached XP level 13. HP: 74/92 MP: 13/13
 14331 | Lair:5   | Reached skill level 16 in Unarmed Combat
 14667 | Lair:5   | Found a staircase to the Slime Pits.
 14750 | Lair:5   | Noticed Nessos
 15499 | Lair:5   | Received a gift from Trog
 15775 | Lair:6   | Entered Level 6 of the Lair of Beasts
 15857 | Lair:6   | Found a gate leading to a gauntlet.
 15869 | Gauntlet | Entered a Gauntlet
 15869 | Gauntlet | Found a transporter.
 15881 | Gauntlet | Found a transporter.
 15884 | Gauntlet | Found a transporter.
 15885 | Gauntlet | Found a transporter.
 15894 | Gauntlet | Found a transporter.
 15896 | Gauntlet | Found a transporter.
 15897 | Gauntlet | Found a transporter.
 15905 | Gauntlet | Found a transporter.
 15908 | Gauntlet | Found a transporter.
 15909 | Gauntlet | Found a transporter.
 15917 | Gauntlet | Found a transporter.
 15920 | Gauntlet | Found a transporter.
 15921 | Gauntlet | Found a transporter.
 15929 | Gauntlet | Found a transporter.
 16109 | Gauntlet | Reached skill level 17 in Unarmed Combat
 16218 | Gauntlet | Noticed a minotaur
 16224 | Gauntlet | Killed a minotaur
 16750 | Lair:6   | Gained mutation: Your large and strong wings let you fly
                  | indefinitely. [Gargoyle growth]
 16750 | Lair:6   | Reached XP level 14. HP: 88/100 MP: 14/14
 17043 | Lair:6   | Noticed a dire elephant
 17059 | Lair:6   | Killed a dire elephant
 17070 | Lair:6   | Got a pair of brightly glowing boots
 17129 | Lair:6   | Identified the +1 pair of boots of Manuist {rN+} (You found
                  | it on level 6 of the Lair of Beasts)
 17302 | Lair:6   | Reached skill level 18 in Unarmed Combat
 17305 | Lair:6   | Reached ****** piety under Trog
 17871 | D:11     | Received a gift from Trog
 18435 | D:11     | Found a staircase to the Orcish Mines.
 18575 | Orc:1    | Entered Level 1 of the Orcish Mines
 18575 | Orc:1    | Found a roughly hewn altar of Beogh.
 18940 | Orc:2    | Entered Level 2 of the Orcish Mines
 18945 | Orc:2    | Found a staircase to the Elven Halls.
 19074 | Orc:2    | Found Saac's General Store.
 19281 | Orc:2    | Found Gaukigej's Antique Armour Boutique.
 19296 | Orc:2    | Noticed an orc warlord
 19316 | Orc:2    | Killed an orc warlord
 19471 | Orc:2    | Reached skill level 1 in Crossbows
 19472 | Orc:2    | Found Meudeakh's Book Emporium.
 19613 | Orc:2    | Found Uluzoh's Antique Weapon Shoppe.
 19777 | Orc:2    | Noticed Saint Roka
 19827 | Orc:2    | Killed Saint Roka
 19961 | Orc:2    | Reached XP level 15. HP: 107/107 MP: 15/15
 20069 | Orc:2    | Found Patwuon's Food Shop.
 20498 | Orc:1    | Found Ucriak's Magic Scroll Shoppe.
 20533 | Orc:1    | Received a gift from Trog
 20597 | Orc:1    | Reached skill level 5 in Crossbows
 20728 | Orc:1    | Found Ruimmaa's Armour Boutique.
 21171 | D:12     | Noticed Josephine
 21190 | D:12     | Killed Josephine
 21458 | D:12     | Received a gift from Trog
 21952 | D:13     | Reached skill level 19 in Unarmed Combat
 22169 | D:13     | Found a bloodstained altar of Trog.
 22700 | D:13     | Noticed a shadow dragon
 22716 | D:13     | Killed a shadow dragon
 22755 | D:13     | Identified the +6 hunting sling of the Final Decision
                  | {vorpal, Dex+2}
 23419 | D:14     | Received a gift from Trog
 23460 | D:14     | Found a gate to the Vaults.
 23758 | D:14     | Found Ovecs's Assorted Antiques.
 23762 | D:14     | Bought an ancient helmet for 313 gold pieces
 23772 | D:14     | Identified the cursed -2 helmet of Hysteria {rCorr} (You
                  | bought it in a shop on level 14 of the Dungeon)
 24004 | D:14     | Reached XP level 16. HP: 114/114 MP: 16/16
 24284 | D:15     | Entered Level 15 of the Dungeon
 24962 | D:15     | Found a staircase to the Depths.
 25069 | D:15     | Reached skill level 10 in Crossbows
 25099 | D:15     | Paralysed by fainting for 8 turns
 25620 | Shoals:1 | Entered Level 1 of the Shoals
 25672 | Shoals:1 | Noticed Jorgrun
 25680 | Shoals:1 | Killed Jorgrun
 27156 | Shoals:2 | Found a transporter.
 27355 | Shoals:2 | Noticed Ilsuiw
 27515 | Shoals:2 | Killed Ilsuiw
 27702 | Shoals:2 | Found a transporter.
 27784 | Shoals:2 | Noticed Lawucsit's ghost (adept DrCj)
 28202 | Shoals:3 | Received a gift from Trog
 28349 | Shoals:3 | Noticed a kraken
 28363 | Shoals:3 | Killed a kraken
 28363 | Shoals:3 | Reached XP level 17. HP: 120/120 MP: 17/17
 28542 | Shoals:3 | Reached skill level 20 in Unarmed Combat
 28710 | Shoals:3 | Found a runed translucent gate.
 28712 | Shoals:3 | Found a runed translucent gate.
 28717 | Shoals:3 | Found a runed translucent gate.
 28718 | Shoals:3 | Noticed Geceng's ghost (journeyman MiFi)
 29501 | Spider:1 | Entered Level 1 of the Spider Nest
 30075 | Spider:1 | Received a gift from Trog
 30152 | Lair:2   | HP: 9/183 [something (6)]
 31415 | Spider:2 | Received a gift from Trog
 31627 | Spider:2 | Noticed Arachne
 31668 | Spider:2 | Killed Arachne
 32471 | Spider:3 | Reached XP level 18. HP: 128/128 MP: 18/18
 33496 | Spider:3 | Noticed Donald
 33502 | Spider:3 | Killed Donald
 33838 | Shoals:4 | Entered Level 4 of the Shoals
 34211 | Shoals:4 | Received a gift from Trog
 34430 | Shoals:4 | Reached skill level 15 in Crossbows
 34668 | Shoals:4 | Got a barnacled rune of Zot
 34912 | Shoals:4 | Found the +3 salamander hide armour {+Rage rF++}
 35414 | Shoals:4 | Got a transparent marble ring
 35486 | Shoals:4 | Identified the ring "Rumoumini" {*Tele rF+ MR+ Int+4 Dex-4}
                  | (You found it on level 4 of the Shoals)
 35707 | Spider:4 | Entered Level 4 of the Spider Nest
 35707 | Spider:4 | Found a transporter.
 35927 | Shoals:2 | Killed Geceng's ghost
 36055 | Shoals:2 | HP: 5/129 [manticore (3)]
 36223 | Shoals:2 | Killed Lawucsit's ghost
 36235 | Shoals:2 | Annihilated by an alligator snapping turtle

Illustrated notes

Levels and vault maps discovered:
D:1:      dpeg_arrival_shelter, layout_loops_cross, xom_teletrap_fun
D:2:      layout_loops_ring
D:3:      layout_loops_cross, lemuel_zombie_altar_yredelemnul, uniq_robin
D:4:      layout_basic, serial_shops, shop, corexii_corridor_pit, uniq_ijyb
D:5:      layout_cave_pods, minitemple, temple_fountains, first_ration
D:6:      layout_layer_cave, grunt_temple_overflow_order_and_chaos_2,
          lemuel_doored_altar, ashenzari_altar_1, roderic_roman_lattice,
          elyvilon_altar_4
D:7:      layout_rooms, old_standard_altar, serial_shops, shop, basic_altar,
          palyth_stone_intersect, grunt_livestock
D:8:      layout_basic, gammafunk_temple_overflow_statue, lair_entry_dummy,
          uniq_joseph
D:9:      layout_small_grid, lemuel_round_altar, serial_shops,
          nicolae_shop_stone, hangedman_decor_lopped,
          nicolae_ru_the_path_less_chosen
D:10:     layout_layer_cave
D:11:     minmay_klotski, layout_basic, orc_0_dummy
D:12:     layout_rooms, special_room [special_room_orc], uniq_josephine
D:13:     regret_index_bee_streams, layout_basic, serial_park_tiny_1,
          trog_ov_bears_minmay
D:14:     wad_guarded_room, layout_basic, erik_vaults_2, serial_shops, shop,
          minmay_misc_feat_tiny
D:15:     grunt_enter_depths_hoard, layout_rooms, serial_curves, eino_curves_03,
          eino_curves_02, minmay_evil_grid
Lair:1:   layout_hall_layers, portal_ice_cave_entry_pillars_2
Lair:2:   layout_regular_city, spider_nest_entry_web_field, zaba_antful_of_joy
Lair:3:   layout_chaotic_city, elwin_shoals_entry_rocks, minivault_19
Lair:4:   layout_roguey
Lair:5:   layout_gridlike, nicolae_slime_entry_slimehenge,
          bobbens_ice_dragon_lair, grunt_megastairs_3,
          minmay_lair_oklob_chamber, uniq_nessos
Lair:6:   grunt_lair_end_beastmaster, layout_regular_city,
          gauntlet_entry_generic, st_stairs_10, minmay_hedge_maze,
          kilobyte_rumbling_trees
Shoals:1: layout_shoals, uniq_jorgrun
Shoals:2: layout_shoals, gammafunk_ghost_berserking_beasts, uniq_ilsuiw
Shoals:3: layout_shoals, gammafunk_ghost_split, nicolae_shoals_mertower
Shoals:4: shoals_end_grunt_ice, layout_shoals
Spider:1: nicolae_spider_mines_3
Spider:2: layout_spider_delve, nicolae_spider_cling_halls, uniq_arachne
Spider:3: layout_chambers, uniq_donald
Spider:4: grunt_spider_rune_parallel, gammafunk_ghost_berserking_beasts,
          spiders_nest_hornet_nest
Orc:1:    layout_diamond_mine, serial_shops, shop, basic_altar,
          guppyfry_orc_lava_fort
Orc:2:    grunt_orc_gardens, layout_diamond_mine, grunt_orc_garden,
          grunt_orc_garden, grunt_orc_garden, grunt_orc_garden, serial_shops,
          shop, uniq_saint_roka

Skill      XL: |  1  2  3  4  5  6  7  8  9 10 11 12 13 14 15 16 17 18 |
---------------+-------------------------------------------------------+-----
Unarmed Combat | 4 5 6 8 9 11 14 15 17 18 19 20 | 20.7
Fighting       | 4 5 6 7 9 11 14 15 16 17 18 19 | 19.9
Crossbows      | 4 9 11 14 15 | 15.4
Armour         | |  2.1
Dodging        | |  1.5

Action                   |  1- 3 |  4- 6 |  7- 9 | 10-12 | 13-15 | 16-18 || total
-------------------------+-------+-------+-------+-------+-------+-------++-------
Melee: Unarmed           |   150 |   288 |   394 |   590 |  1509 |  1149 ||  4080
       Punch             |     1 |     6 |    11 |    27 |   117 |    97 ||   259
 Fire: Arbalest          |       |       |       |       |    75 |   467 ||   542
Invok: Berserk           |       |     1 |       |       |     2 |     9 ||    12
       Trog's Hand       |       |       |       |       |     3 |     3 ||     6
       Brothers in Arms  |       |       |       |       |       |     9 ||     9
Evoke: Wand              |       |       |       |       |     4 |       ||     4
  Use: Scroll            |       |       |    13 |    12 |    12 |    14 ||    51
       Potion            |       |       |       |     1 |       |     8 ||     9
 Stab: Petrified         |       |       |       |       |     7 |       ||     7
       Distracted        |       |       |       |       |       |     1 ||     1
  Eat: Chunk             |     2 |     8 |    11 |    22 |    38 |    41 ||   122
       Ration            |       |       |       |       |       |     4 ||     4
Armor: Leather armour    |    55 |       |       |       |       |       ||    55
       Chain mail        |    18 |   206 |    97 |       |       |       ||   321
       Plate armour      |       |       |   145 |   473 |  1128 |  1746 ||  3492
Dodge: Dodged            |    88 |   125 |   125 |   172 |   498 |   519 ||  1527

Table legend:
 A = Non-vault XP
 B = Vault XP
 C = Vault XP percentage of total XP
 D = Non-vault monster count
 E = Vault monster count
 F = Vault count percentage of total count
                 A         B        C        D         E       F
            +---------+---------+-------+---------+---------+-------
      Total |  165760 |  126627 |  43.3 |     698 |     348 |  33.3
            +---------+---------+-------+---------+---------+-------
        D:1 |      27 |       0 |   0.0 |      15 |       0 |   0.0
        D:2 |      95 |      22 |  18.8 |      23 |      12 |  34.3
        D:3 |      86 |      19 |  18.1 |      30 |       3 |   9.1
        D:4 |     483 |       0 |   0.0 |      18 |       0 |   0.0
        D:5 |     829 |       0 |   0.0 |      25 |       0 |   0.0
        D:6 |     726 |       0 |   0.0 |      20 |       0 |   0.0
        D:7 |     747 |     987 |  56.9 |      19 |       5 |  20.8
        D:8 |    1291 |     430 |  25.0 |      22 |       1 |   4.3
        D:9 |    1130 |       0 |   0.0 |      19 |       0 |   0.0
       D:10 |     914 |       0 |   0.0 |      16 |       0 |   0.0
       D:11 |    5158 |       0 |   0.0 |      28 |       0 |   0.0
       D:12 |    2816 |    3703 |  56.8 |      22 |      24 |  52.2
       D:13 |    3357 |   11140 |  76.8 |      25 |      57 |  69.5
       D:14 |    2928 |   14543 |  83.2 |      18 |      25 |  58.1
       D:15 |    7468 |    6646 |  47.1 |      24 |      11 |  31.4
     Lair:1 |    2926 |       0 |   0.0 |      16 |       0 |   0.0
     Lair:2 |   13501 |    2665 |  16.5 |      30 |      29 |  49.2
     Lair:3 |    6661 |       0 |   0.0 |      23 |       0 |   0.0
     Lair:4 |    2478 |       0 |   0.0 |       9 |       0 |   0.0
     Lair:5 |    5063 |    3157 |  38.4 |      19 |      15 |  44.1
     Lair:6 |   12227 |   11038 |  47.4 |      30 |      26 |  46.4
   Shoals:1 |    9190 |    3023 |  24.8 |      15 |       1 |   6.2
   Shoals:2 |   16023 |    9466 |  37.1 |      30 |       9 |  23.1
   Shoals:3 |   15759 |    9717 |  38.1 |      26 |      16 |  38.1
   Shoals:4 |   10769 |   17405 |  61.8 |      23 |      29 |  55.8
   Spider:1 |   14868 |    4286 |  22.4 |      42 |      13 |  23.6
   Spider:2 |    9480 |    3579 |  27.4 |      18 |       1 |   5.3
   Spider:3 |   15309 |    1978 |  11.4 |      48 |       1 |   2.0
      Orc:1 |    2751 |    5168 |  65.3 |      39 |      15 |  27.8
      Orc:2 |     700 |   14225 |  95.3 |       6 |      43 |  87.8
   Gauntlet |       0 |    3430 | 100.0 |       0 |      12 | 100.0
            +---------+---------+-------+---------+---------+-------
